 Dungeon Crawl Stone Soup version 0.26.1-13-g052cdd8df3 (webtiles) character file.

Game seed: 6729977525309368647

76739 Froggeryz the Bludgeoner (level 15, -8/93 HPs)
             Began as a Tengu Monk on Jan 27, 2022.
             Was a High Priest of Okawaru.
             Killed from afar by a starcursed mass (12 damage)
             ... with an accursed screaming
             ... on level 2 of the Abyss on Feb 1, 2022.
             The game lasted 00:42:02 (23775 turns).

Froggeryz the Bludgeoner (Tengu Monk)              Turns: 23775, Time: 00:42:03

Health: -8/93      AC: 16    Str: 17    XL:     15   Next: 54%
Magic:  24/24      EV: 24    Int: 11    God:    Okawaru [*****.]
Gold:   2429       SH:  0    Dex: 19    Spells: 23/23 levels left

rFire    . . .     SeeInvis .   e - +5 eveningstar (freeze)
rCold    . . .     Faith    .   (no shield)
rNeg     . . .     Spirit   .   h - +0 troll leather armour {Purgy}
rPois    .         Reflect  .   y - +0 hat
rElec    .         Harm     .   (no cloak)
rCorr    .         Rampage  .   O - +2 pair of gloves "Tiackus" {Dex+2}
Will     +....                  (boots unavailable)
Stlth    ++........             (no amulet)
HPRegen  0.65/turn              o - +4 ring of protection
MPRegen  0.19/turn              m - +4 ring of protection

@: lethally poisoned (-8 -> -40), about to teleport, flying quickly and
evasively, quick
A: beak, talons 3, able to fly
a: Stop Flying, Renounce Religion, Heroism, Finesse


You were on level 2 of the Abyss.
You worshipped Okawaru.
Okawaru was extremely pleased with you.
You visited 4 branches of the dungeon, and saw 22 of its levels.
You visited the Abyss 1 time.
You also visited: Sewer.

You collected 3362 gold pieces.
You spent 933 gold pieces at shops.

Inventory:

Hand Weapons
 e - a +5 eveningstar of freezing (weapon)
 D - the +6 flail "Azuzat" {vorpal, rF+}
   (You found it on level 5 of the Dungeon)

   It inflicts extra damage upon your enemies.
   It protects you from fire.
 Z - a +3 scimitar of flaming
Missiles
 c - 88 poisoned darts (quivered)
 v - 55 boomerangs
 G - 9 silver boomerangs
Armour
 h - a +0 troll leather armour (worn) {Purgy}
 k - a +1 scale mail of willpower
 y - a +0 hat (worn)
 O - the +2 pair of gloves "Tiackus" (worn) {Dex+2}
   (You found it on level 7 of the Dungeon)

   It affects your dexterity (+2).
Jewellery
 j - an uncursed ring of see invisible
 m - a +4 ring of protection (right hand)
 o - a +4 ring of protection (left hand)
 r - a cursed -4 ring of strength {unknown}
 K - an uncursed ring of ice
 N - a +6 ring of strength {unknown}
 T - an uncursed ring of resist corrosion
 V - an uncursed ring of wizardry
Wands
 q - a wand of enslavement (4)
 t - a wand of flame (4)
 F - a wand of iceblast (27)
 J - a wand of paralysis (19)
 Q - a wand of acid (21)
 R - a wand of disintegration (16)
Scrolls
 b - 4 scrolls of enchant armour
 f - 9 scrolls of remove curse
 g - 16 scrolls of teleportation
 l - a scroll of holy word
 n - 6 scrolls of amnesia
 p - 6 scrolls of fog
 s - 2 scrolls of magic mapping
 C - a scroll of vulnerability {unknown}
 H - 4 scrolls of summoning
 I - 2 scrolls of brand weapon
 P - 3 scrolls of immolation
 W - a scroll of blinking
Potions
 a - 3 potions of berserk rage
 d - a potion of heal wounds
 i - a potion of mutation
 u - 3 potions of brilliance
 w - a potion of magic
 x - 2 potions of ambrosia
 z - 3 potions of resistance
 B - 3 potions of lignification {unknown}
 E - 4 potions of might
 L - a potion of cancellation
 M - 2 potions of attraction {unknown}
 U - 2 potions of haste {unknown}
 X - 2 potions of curing


   Skills:
 + Level 10.8 Fighting
 - Level 16.0 Maces & Flails
 - Level 10.0(10.3) Slings
 - Level 4.0(7.5) Throwing
 - Level 5.6 Armour
 - Level 10.1 Dodging
 - Level 2.0 Stealth
 + Level 4.6 Spellcasting
 - Level 11.1 Invocations


You had 23 spell levels left.
You didn't know any spells.
Your spell library contained the following spells:

 Spells                   Type           Power        Failure   Level
 Foxfire                  Conj/Fire      8%           26%         1
 Sandblast                Erth           4%           26%         1
 Summon Small Mammal      Summ           8%           26%         1
 Call Imp                 Summ           2%           38%         2
 Passwall                 Tmut/Erth      1%           38%         2
 Call Canine Familiar     Summ           2%           63%         3
 Confusing Touch          Hex            2%           63%         3
 Conjure Flame            Conj/Fire      2%           63%         3
 Gell's Gravitas          Tloc           1%           63%         3
 Inner Flame              Hex/Fire       2%           63%         3
 Stone Arrow              Conj/Erth      4%           63%         3
 Summon Guardian Golem    Hex/Summ       2%           63%         3
 Leda's Liquefaction      Hex/Erth       1%           95%         4
 Petrify                  Tmut/Erth      2%           95%         4
 Sticky Flame             Conj/Fire      2%           95%         4
 Summon Ice Beast         Ice/Summ       2%           95%         4
 Summon Lightning Spire   Summ/Air       2%           95%         4
 Bolt of Magma            Conj/Fire/Erth 1%           100%        5
 Fireball                 Conj/Fire      1%           100%        5
 Iskenderun's Battlesphe  Conj           2%           100%        5
 Lee's Rapid Deconstruct  Erth           1%           100%        5
 Metabolic Englaciation   Hex/Ice        1%           100%        5
 Yara's Violent Unravell  Hex/Tmut       1%           100%        5
 Iron Shot                Conj/Erth      1%           100%        6
 Statue Form              Tmut/Erth      1%           100%        6
 Orb of Destruction       Conj           1%           100%        7
 Spellforged Servitor     Conj/Summ      1%           100%        7
 Shatter                  Erth           1%           100%        9


Dungeon Overview and Level Annotations

Branches:
Dungeon (13/15)            Temple (1/1) D:5            Lair (6/6) D:8
 Shoals (0/4) Lair:3       Spider (0/4) Lair:3          Orc (2/2) D:12
    Elf (0/3) Orc:2        Vaults (0/5) D:13          Sewer (visited)
  Slime: Lair:5-6

Altars:
Ashenzari
Cheibriados
Dithmenos
Elyvilon
Fedhas
Gozag
Hepliaklqana
Kikubaaqudgha
Makhleb
Nemelex Xobeh
Okawaru
Qazlal
Ru
Sif Muna
Trog
Uskayaw
Vehumet
Wu Jian
Xom
Yredelemnul
Zin
The Shining One
Beogh

Shops:
D:5 :   D:6 *   D:9 (:!*   Orc:2 (}

Portals:
Abyss: Lair:5

Annotations:
D:7 3 runed translucent doors, Sapher's ghost, novice DEEE
Lair:3 exclusion: oklob plant
Lair:5 2 transporters, exclusion: 2 oklob plants, Seanyple's ghost, journeyman DrFi


Innate Abilities, Weirdness & Mutations

You have a beak for a mouth.
You have claws for feet.
You can fly continuously.


Message History

You shrug off the repeated paralysis!
You feel sick.
You feel sick.
Found a gateway leading out of the Abyss.
You feel sick.
A starcursed mass splits.
You feel sick. The death drake breathes miasma at you.
The foul vapour misses you.
You are engulfed in dark miasma.
You are more poisoned.
* * * LOW HITPOINT WARNING * * *
x2 You feel sick.
There is a gateway leading out of the Abyss here.
Unknown command.
You are engulfed in dark miasma.
You are lethally poisoned!
* * * LOW HITPOINT WARNING * * *
x2 You feel very sick.
A deafening chorus of shrieks assaults your mind!
You die...

#. #... ##...# ##
#°...#.
#.°###°°....#
#.°°°@#...#
##.##k#..# # ### .
...
##X#..##.##..#.. .#
##........#.....
#..#.#X.#§...#. .#.
#....XX#####.##....
# #..§.X.X.XX○...#
##.§..X##XX# ###
..... ...#X..#


You could see 7 starcursed masses and a death drake (catching breath).

Vanquished Creatures
  An orc warlord (Orc:2)
  Azrael (D:12)
  Nessos (D:13)
  An ettin (Orc:2)
  A centaur warrior (D:13)
  2 boulder beetles (Lair:5)
  3 hydras
  A catoblepas (Lair:6)
  A two-headed ogre (Orc:1)
  A death yak (Lair:6)
  An orc high priest (Orc:2)
  A lindwurm (Lair:6)
  An orc knight (Orc:2)
  An ugly thing (D:13)
  3 orc sorcerers
  Maurice (Orc:2)
  2 merfolk sirens (Lair:3)
  5 black mambas
  26 cane toads
  5 elephants (Lair:6)
  2 smoke demons (Abyss:2)
  A centaur skeleton (D:12)
  10 komodo dragons
  A yaktaur (D:13)
  2 merfolk (Lair:3)
  3 trolls (Orc:2)
  2 polar bears
  3 tyrant leeches (Lair:6)
  A hornet (D:13)
  6 slime creatures (D:13)
  Prince Ribbit (D:6)
  26 blink frogs
  5 dream sheep
  3 wraiths
  A ynoxinul (Abyss:2)
  2 wyverns
  2 fire elementals
  17 yaks
  5 basilisks
  A steam dragon (D:11)
  10 vampire mosquitoes
  Edmund (D:6)
  An acid dragon (D:13)
  The ghost of Bergy the Cudgeller, an amateur GrFi (D:3)
  2 wargs
  2 hell hounds
  A soldier ant (D:11)
  Duvessa (D:6)
  11 water moccasins
  2 ice beasts
  3 phantoms
  A black bear (Lair:4)
  3 sky beasts
  4 necrophages
  9 ogres
  30 orc warriors
  Purgy (Sewer)
  2 eyes of draining (D:12)
  16 wolves
  5 centaurs
  A big kobold (D:8)
  26 bullfrogs
  Dowan (D:6)
  An earth elemental (Abyss:2)
  A wyvern skeleton (D:13)
  9 scorpions
  9 killer bees
  7 electric eels
  4 wights
  5 howler monkeys (D:7)
  4 quasits (D:3)
  4 centaur zombies
  2 bullfrog zombies
  6 hounds
  3 bullfrog skeletons
  21 orc priests
  3 jellies
  Jessica (D:2)
  13 worker ants
  An iguana (D:9)
  27 orc wizards
  A hound zombie (D:9)
  A hound skeleton (D:9)
  A worker ant zombie (D:9)
  10 adders
  A shadow imp (D:5)
  3 white imps
  6 oozes
  An adder zombie (D:5)
  11 worms
  A dart slug (D:2)
  124 orcs
  A ball python (D:4)
  5 giant cockroaches
  6 goblins
  5 hobgoblins
  4 jackals (D:1)
  6 quokkas
  7 bats
  3 frilled lizards
  12 kobolds
  A quokka skeleton (D:4)
  12 rats
630 creatures vanquished.

Vanquished Creatures (collateral kills)
  An orc (Orc:2)
1 creature vanquished.

Vanquished Creatures (others)
  A yak (D:12)
  2 orc warriors (Orc:2)
  An ice beast (D:11)
  A sky beast (D:11)
  An ogre (D:13)
  A centaur (D:13)
  2 killer bees
  3 wights
  2 orc wizards
  6 orcs
  2 bushes (D:9)
  46 fungi
  142 plants
  7 starspawn tentacles (Abyss:2)
217 creatures vanquished.

Grand Total: 848 creatures vanquished

Notes
Turn   | Place    | Note
-------+----------+-------------------------------------------
     0 | D:1      | Froggeryz the Tengu Monk began the quest for the Orb.
     0 | D:1      | Reached XP level 1. HP: 14/14 MP: 2/2
   465 | D:1      | Reached XP level 2. HP: 19/19 MP: 3/3
   473 | D:1      | Reached skill level 1 in Throwing
  1343 | D:2      | You fall into a shaft and drop 2 floors!
  1597 | D:4      | Reached skill level 4 in Maces & Flails
  1597 | D:4      | Reached XP level 3. HP: 13/23 MP: 4/4
  1842 | D:3      | Found a transporter.
  1846 | D:3      | Noticed Bergy's ghost (amateur GrFi)
  1907 | D:3      | Reached XP level 4. HP: 25/28 MP: 5/5
  2170 | D:3      | Found a glowing drain.
  2175 | Sewer    | Entered a sewer
  2252 | Sewer    | Noticed Purgy
  2260 | Sewer    | Killed Purgy
  2261 | Sewer    | Gained mutation: You can fly continuously. [Tengu growth]
  2261 | Sewer    | Reached XP level 5. HP: 32/32 MP: 6/6
  2621 | D:2      | Reached skill level 5 in Maces & Flails
  2778 | D:2      | Found an opulent altar of Gozag.
  2863 | D:2      | Noticed Jessica
  2868 | D:2      | Killed Jessica
  2869 | D:2      | Reached XP level 6. HP: 37/37 MP: 7/7
  3024 | D:2      | Reached skill level 1 in Slings
  3601 | D:3      | Found a transporter.
  3993 | D:4      | Reached skill level 6 in Maces & Flails
  4112 | D:3      | Reached XP level 7. HP: 31/41 MP: 8/8
  4551 | D:4      | Reached skill level 7 in Maces & Flails
  4564 | D:4      | Found a shadowy altar of Dithmenos.
  4564 | D:4      | Noticed a shadow
  4568 | D:4      | Found a hazy altar of Hepliaklqana.
  4620 | D:4      | Found a hide-covered altar of Uskayaw.
  4624 | D:4      | Noticed a +0 dagger
  4624 | D:4      | Noticed a +0 hand axe
  4697 | D:4      | Reached XP level 8. HP: 48/48 MP: 9/9
  5176 | D:5      | Entered Level 5 of the Dungeon
  5332 | D:5      | Noticed a moth of wrath
  5335 | D:5      | Found a bloodstained altar of Trog.
  5344 | D:5      | Got a polished flail
  5345 | D:5      | Identified the +6 flail "Azuzat" {vorpal, rF+} (You found
                  | it on level 5 of the Dungeon)
  5396 | D:5      | Found a sparkling altar of Nemelex Xobeh.
  5682 | D:5      | Found a staircase to the Ecumenical Temple.
  5686 | D:5      | Reached skill level 5 in Fighting
  5702 | Temple   | Entered the Ecumenical Temple
  5778 | Temple   | Became a worshipper of Elyvilon the Healer
  5778 | Temple   | Reached * piety under Elyvilon
  5778 | Temple   | Reached ** piety under Elyvilon
  5860 | D:5      | Found a shimmering blue altar of Sif Muna.
  5963 | D:5      | Found Piqam's Book Emporium.
  6005 | D:5      | Found an iron altar of Okawaru.
  6161 | D:6      | Noticed Edmund
  6173 | D:6      | Killed Edmund
  6174 | D:6      | Reached skill level 1 in Invocations
  6345 | D:6      | Noticed Prince Ribbit
  6365 | D:6      | Killed Prince Ribbit
  6366 | D:6      | Reached skill level 8 in Maces & Flails
  6424 | D:6      | Noticed Duvessa
  6424 | D:6      | Noticed Dowan
  6511 | D:6      | Killed Duvessa
  6512 | D:6      | Reached XP level 9. HP: 42/54 MP: 12/12
  6519 | D:6      | Killed Dowan
  6521 | D:6      | Reached skill level 5 in Slings
  6682 | D:6      | Found Rauvunaw's Assorted Antiques.
  6690 | D:6      | Bought a scroll labelled XOLYIDGH KINK for 27 gold pieces
  6690 | D:6      | Bought a scroll labelled HUOLISUUSH for 27 gold pieces
  6690 | D:6      | Bought a viscous silvery potion for 24 gold pieces
  6690 | D:6      | Bought a scroll labelled CEOMIO GAKAIKOAC for 27 gold
                  | pieces
  6690 | D:6      | Bought a worn ivory wand for 108 gold pieces
  6904 | D:7      | Found a glowing golden altar of the Shining One.
  6905 | D:7      | Found a broken altar of Ashenzari.
  6906 | D:7      | Found a stormy altar of Qazlal.
  6985 | D:7      | Found a runed translucent gate.
  6986 | D:7      | Found a runed translucent gate.
  6986 | D:7      | Identified the cursed +2 trident of Corporal Punishment
                  | {antimagic, rPois Str+3}
  6986 | D:7      | Noticed Sapher's ghost (novice DEEE)
  7002 | D:7      | Found a runed translucent gate.
  7003 | D:7      | Found a roughly hewn altar of Beogh.
  7057 | D:7      | Found a basalt altar of Yredelemnul.
  7131 | D:7      | Reached *** piety under Elyvilon
  7220 | D:7      | Paralysed by an orc for 3 turns
  7225 | D:7      | Reached skill level 5 in Invocations
  7314 | D:7      | Got a pair of scorched gloves
  7325 | D:7      | Identified the +2 pair of gloves "Tiackus" {Dex+2} (You
                  | found it on level 7 of the Dungeon)
  7458 | D:7      | Reached skill level 9 in Maces & Flails
  7852 | D:7      | Found a burning altar of Makhleb.
  8015 | D:8      | Found a snail-covered altar of Cheibriados.
  8020 | D:8      | Noticed a four-headed hydra
  8025 | D:8      | Pacified a four-headed hydra
  8026 | D:8      | Reached XP level 10. HP: 59/59 MP: 9/15
  8563 | D:8      | Found a staircase to the Lair.
  8667 | D:8      | Found an ancient bone altar of Kikubaaqudgha.
  8821 | D:9      | Found Heucesam's Distillery.
  8823 | D:9      | Found Micarr's General Store.
  8823 | D:9      | Found Paukew's Book Boutique.
  8827 | D:9      | Bought a potion of heal wounds for 60 gold pieces
  8827 | D:9      | Bought a potion of heal wounds for 60 gold pieces
  8903 | D:9      | Found Qaaqiul's Antique Weapon Emporium.
  9321 | D:9      | Found a blossoming altar of Fedhas.
  9430 | D:10     | Entered Level 10 of the Dungeon
  9614 | D:10     | Reached skill level 10 in Maces & Flails
  9757 | D:10     | Noticed a two-headed ogre
  9759 | D:10     | Pacified a two-headed ogre
  9858 | D:10     | Reached **** piety under Elyvilon
 10188 | D:11     | Noticed a boulder beetle
 10193 | D:11     | Pacified a boulder beetle
 10194 | D:11     | Reached skill level 5 in Dodging
 10194 | D:11     | Reached XP level 11. HP: 63/63 MP: 13/18
 10980 | D:12     | Noticed Erolcha
 10983 | D:12     | Pacified Erolcha
 11340 | D:12     | Found a staircase to the Orcish Mines.
 11735 | D:12     | Noticed Azrael
 11872 | D:12     | Killed Azrael
 11873 | D:12     | Reached skill level 11 in Maces & Flails
 11960 | D:12     | Noticed a six-headed hydra
 11960 | D:12     | Noticed a cyclops
 11962 | D:12     | Pacified a six-headed hydra
 11974 | D:12     | Pacified a cyclops
 12108 | D:12     | Reached XP level 12. HP: 65/68 MP: 20/20
 12203 | D:12     | Reached skill level 10 in Invocations
 12429 | D:13     | Noticed a two-headed ogre
 12431 | D:13     | Noticed an ogre mage
 12432 | D:13     | Pacified a two-headed ogre
 12439 | D:13     | Pacified an ogre mage
 12617 | D:13     | Noticed a centaur warrior
 12621 | D:13     | Pacified a centaur warrior
 13117 | D:13     | Noticed a two-headed ogre
 13136 | D:13     | Pacified a two-headed ogre
 13160 | D:13     | Noticed a centaur warrior
 13168 | D:13     | Noticed Nessos
 13181 | D:13     | Killed a centaur warrior
 13193 | D:13     | Killed Nessos
 13347 | D:13     | Found a gate to the Vaults.
 13428 | D:13     | Noticed an alligator snapping turtle
 13451 | D:13     | Pacified an alligator snapping turtle
 13473 | D:13     | Noticed a fenstrider witch
 13473 | D:13     | an alligator snapping turtle changed into a fenstrider
                  | witch
 13810 | D:13     | Noticed a rakshasa
 14084 | D:9      | Bought a potion of experience for 600 gold pieces
 14084 | D:9      | Reached skill level 10 in Dodging
 14084 | D:9      | Reached XP level 13. HP: 76/76 MP: 22/22
 14099 | D:9      | Identified 2 scrolls of acquirement
 14102 | D:9      | Acquired 827 gold pieces
 14104 | D:9      | Acquired a +1 eveningstar of freezing
 14186 | D:5      | Fell from the grace of Elyvilon
 14186 | D:5      | Became a worshipper of Warmaster Okawaru
 14251 | D:3      | Killed Bergy's ghost
 14466 | Lair:1   | Entered Level 1 of the Lair of Beasts
 14530 | Lair:1   | Reached skill level 12 in Maces & Flails
 14895 | Lair:1   | Reached skill level 1 in Armour
 15000 | Lair:1   | Reached * piety under Okawaru
 15426 | Lair:2   | Found a bloodstained altar of Trog.
 15697 | Lair:2   | Reached skill level 10 in Slings
 15697 | Lair:2   | Reached XP level 14. HP: 80/82 MP: 23/23
 16137 | Lair:2   | Reached ** piety under Okawaru
 16551 | Lair:3   | Found a staircase to the Shoals.
 16567 | Lair:3   | Reached skill level 13 in Maces & Flails
 16960 | Lair:3   | Found a hole to the Spider Nest.
 17438 | Lair:4   | Reached *** piety under Okawaru
 17485 | Lair:4   | Reached skill level 5 in Armour
 18036 | Lair:4   | Reached skill level 14 in Maces & Flails
 18410 | Lair:5   | Received a gift from Okawaru
 19156 | Lair:5   | Found a transporter.
 19163 | Lair:5   | Found a transporter.
 19167 | Lair:5   | Found a one-way gate to the infinite horrors of the Abyss.
 19167 | Lair:5   | Noticed Seanyple's ghost (journeyman DrFi)
 19208 | Lair:5   | Identified the cursed +0 spear of the Known World {distort,
                  | Str+4 Dex+6}
 19209 | Lair:5   | Reached **** piety under Okawaru
 19601 | Lair:6   | Entered Level 6 of the Lair of Beasts
 19782 | Lair:6   | Received a gift from Okawaru
 19879 | Lair:6   | Reached skill level 15 in Maces & Flails
 20069 | Lair:6   | Reached ***** piety under Okawaru
 20273 | Lair:6   | Received a gift from Okawaru
 20383 | Lair:6   | Reached XP level 15. HP: 65/90 MP: 24/24
 20610 | Lair:6   | Received a gift from Okawaru
 20745 | Lair:6   | Reached skill level 16 in Maces & Flails
 20822 | Lair:6   | Reached skill level 1 in Spellcasting
 21591 | Orc:1    | Entered Level 1 of the Orcish Mines
 22036 | Orc:1    | Reached skill level 10 in Fighting
 22061 | Orc:1    | Paralysed by an orc sorcerer for 6 turns
 22171 | Orc:2    | Entered Level 2 of the Orcish Mines
 22210 | Orc:2    | Noticed Maurice
 22535 | Orc:2    | Found a staircase to the Elven Halls.
 22599 | Orc:2    | Found a roughly hewn altar of Beogh.
 22611 | Orc:2    | Found Qeikharo's Gadget Boutique.
 22617 | Orc:2    | Received a gift from Okawaru
 22810 | Orc:2    | Found a roughly hewn altar of Beogh.
 22888 | Orc:2    | Paralysed by Maurice for 4 turns
 22912 | Orc:2    | Killed Maurice
 22929 | Orc:2    | Found a roughly hewn altar of Beogh.
 22954 | Orc:2    | Noticed an orc warlord
 22979 | Orc:2    | Killed an orc warlord
 23213 | Orc:2    | Received a gift from Okawaru
 23257 | Orc:2    | Found a roughly hewn altar of Beogh.
 23301 | Orc:2    | Found Ypelooc's Weapon Shop.
 23452 | Orc:2    | Cast into level 2 of the Abyss (orc warrior)
 23452 | Abyss:2  | Found a corrupted altar of Lugonu.
 23459 | Abyss:2  | Noticed a tentacled starspawn
 23561 | Abyss:2  | Noticed a tentacled starspawn
 23647 | Abyss:2  | Found a corrupted altar of Lugonu.
 23745 | Abyss:2  | Found a shimmering altar of Xom.
 23765 | Abyss:2  | Paralysed by accursed screaming for 2 turns
 23775 | Abyss:2  | HP: 4/93 [poisoned by a death drake (dark miasma)]
 23775 | Abyss:2  | Killed from afar by a starcursed mass

Illustrated notes

Levels and vault maps discovered:
D:1:      dpeg_arrival_central, layout_basic, skrybe_limestone_x
D:2:      layout_loops_corners, lemuel_coloured_pillars_altar,
          serial_bayou_pond_b, uniq_jessica
D:3:      layout_loops_ring, gammafunk_ghost_stat_death,
          lightli_sewer_entry_pipes
D:4:      layout_loops_ring, riverfiend_overflow_shadow_ancestor,
          dancing_weapons_uskayaw, grunt_ministairs_14
D:5:      layout_loops_ring, old_standard_altar, old_standard_altar,
          minmay_temple_entry_crystal_x, serial_shops, shop, basic_altar,
          kennysheep_small_spiral, minmay_misc_feat_encased, tgw_trog
D:6:      layout_rooms, serial_shops, shop_fountains, hangedman_decor_riveting,
          uniq_prince_ribbit1, uniq_edmund, uniq_duvessa
D:7:      layout_basic, chequers_temple_overflow_statue_of_worship,
          old_standard_altar, biasface_ghost_orc_armoury, st_stairs_10,
          minivault_27, amcnicky_mini_rare_corridor_liquid, bloody_makhleb
D:8:      layout_loops_ring, slow_altar_1, kennysheep_mini_moat,
          lair_entry_dummy, special_room [special_room_orc]
D:9:      layout_gridville, fedhas_altar_decomposition, serial_shops,
          nicolae_shop_trees, nicolae_shop_crystal, shop, shop, serial_glass,
          glass_columns_c, glass_columns_c, glass_columns_a, glass_columns_a,
          minmay_strange_pillars, minmay_strange_pillars, feat_on_display
D:10:     layout_long_grid
D:11:     layout_rooms
D:12:     layout_irregular_city, erik_orc_1, uniq_erolcha, uniq_azrael
D:13:     layout_loops_cross, hangedman_vaults_entry_quadrant_bands, uniq_nessos
Temple:   compressed_dpeg_triangle_lava_temple
Lair:1:   layout_small_grid
Lair:2:   layout_gridlike, basic_altar, beast_lair_carwin_7,
          serial_bayou_shore_a
Lair:3:   layout_long_grid, elwin_shoals_entry_stream,
          nicolae_spider_entry_non_spiders, grunt_megastairs_1,
          serial_bayou_shore_b, minmay_lair_oklob_chamber,
          infiniplex_staircase_pool_2
Lair:4:   layout_concentric_octagons, lemuel_fruit_tree, grunt_megastairs_4
Lair:5:   layout_cave_pods, minmay_slime_entry_oklob_enclosed,
          gammafunk_ghost_abyssal_escape
Lair:6:   minmay_lair_end_frog_pond, layout_loops_ring,
          chequers_serial_rivers_micro_c, nicolae_lair_yak_garden
Orc:1:    layout_caves, mines4_lemuel
Orc:2:    grunt_orc_community_town_hall, layout_caves,
          grunt_orc_community_big_house_2, grunt_orc_community_big_house_2,
          grunt_orc_community_house_2, grunt_orc_community_house_3,
          grunt_orc_community_house_3, grunt_orc_community_house_2,
          grunt_orc_community_house_2, grunt_orc_community_house_2,
          minmay_orc_keep, uniq_maurice
Abyss:2:  base: D:7, evilmike_abyss_exit_12, bh_abyss_xom_lugonu_altar

Skill      XL: |  1  2  3  4  5  6  7  8  9 10 11 12 13 14 15 |
---------------+----------------------------------------------+-----
Throwing       | 2 3 4 |  4.0
Maces & Flails | 4 5 6 7 8 9 10 11 12 15 16 | 16.0
Slings         | 2 3 4 6 7 8 9 10 | 10.0
Fighting       | 4 5 7 9 10 | 10.8
Invocations    | 3 6 8 9 11 | 11.1
Dodging        | 5 6 10 | 10.1
Armour         | 2 5 |  5.6
Spellcasting   | 4 |  4.6
Stealth        | |  2.0

Action                   |  1- 3 |  4- 6 |  7- 9 | 10-12 | 13-15 || total
-------------------------+-------+-------+-------+-------+-------++-------
Melee: Mace              |    58 |   169 |   158 |       |       ||   385
       Peck              |     8 |    25 |    53 |   108 |   203 ||   397
       Kick              |    13 |    48 |    97 |   187 |   293 ||   638
       Flail             |       |       |   132 |   567 |       ||   699
       Eveningstar       |       |       |       |       |   935 ||   935
 Fire: Fustibalus        |       |       |       |       |    16 ||    16
Throw: Dart              |       |       |    20 |     1 |    24 ||    45
       Boomerang         |       |       |       |       |     7 ||     7
Invok: Lesser Healing    |       |       |     2 |       |       ||     2
       Heal Other        |       |       |     7 |    49 |       ||    56
 Abil: Fly               |       |       |       |     1 |       ||     1
Evoke: Wand              |       |       |       |     3 |    35 ||    38
  Use: Potion            |     1 |     4 |     1 |     6 |     3 ||    15
       Scroll            |       |       |       |     3 |    33 ||    36
 Stab: Sleeping          |     3 |     7 |     4 |    12 |     6 ||    32
       Distracted        |       |       |       |     1 |     2 ||     3
       Paralysed         |       |       |       |     3 |     2 ||     5
       Petrified         |       |       |       |       |     2 ||     2
Armor: Robe              |     3 |       |       |       |       ||     3
       Leather armour    |     9 |    15 |       |       |       ||    24
       Troll leather arm |       |    34 |   151 |   187 |   154 ||   526
Dodge: Dodged            |    37 |   117 |   237 |   414 |   868 ||  1673
